 Dungeon Crawl Stone Soup version 0.20.1-1-g8b1a95d (webtiles) character file.

3192 MrModeste the Basher (level 9, -9/82 HPs)
             Began as a Minotaur Fighter on July 14, 2017.
             Mangled by a white ugly thing (24 damage)
             ... on level 8 of the Dungeon.
             The game lasted 00:13:23 (7060 turns).

MrModeste the Basher (Minotaur Fighter)             Turns: 7060, Time: 00:13:24

Health: -9/82      AC: 11    Str: 22    XL:     9   Next: 64%
Magic:  8/8        EV:  8    Int:  5    God:
Gold:   425        SH:  9    Dex: 12    Spells: 8/8 levels left

rFire    . . .     SeeInvis .   M - +3 mace (crush)
rCold    . . .     Gourm    .   c - +0 shield
rNeg     . . .     Faith    .   B - +0 chain mail
rPois    .         Spirit   .   (helmet restricted)
rElec    .         Reflect  .   a - +0 cloak
rCorr    .         Harm     .   C - +0 pair of gloves
MR       .....                  (no boots)
Stlth    ..........             (no amulet)
Regen    0.3/turn               n - +3 ring of evasion
MPRegen  0.2/turn               (no ring)

@: no status effects
A: retaliatory headbutt, horns 2
a: no special abilities


You were on level 8 of the Dungeon.
You were not hungry.

You visited 2 branches of the dungeon, and saw 9 of its levels.
You also visited: Ossuary.

You collected 425 gold pieces.

Inventory:

Hand Weapons
 M - a +3 mace of crushing (weapon)
Missiles
 I - 2 throwing nets (quivered)
Armour
 a - a +0 cloak (worn)
 c - a +0 shield (worn)
 B - a +0 chain mail (worn)
 C - a +0 pair of gloves (worn)
Jewellery
 n - a +3 ring of evasion (left hand)
Wands
 A - a wand of polymorph (13/24)
 D - a wand of polymorph (8/24)
 G - a wand of disintegration (13/24)
 H - a wand of polymorph (9/24)
 K - a wand of confusion (22/48)
Scrolls
 b - a scroll of fear {unknown}
 g - 6 scrolls of identify
 i - 4 scrolls of magic mapping {unknown}
 j - 8 scrolls of teleportation
 k - 9 scrolls of remove curse
 l - a scroll of immolation {unknown}
 q - a scroll of recharging {unknown}
 s - 2 scrolls of random uselessness {unknown}
 t - 4 scrolls of amnesia {unknown}
 x - a scroll of enchant armour {unknown}
 y - 4 scrolls of enchant weapon {unknown}
Potions
 d - 5 potions of might
 e - 5 potions of lignification
 h - 2 potions of flight {unknown}
 m - a potion of haste {unknown}
 o - 3 potions of degeneration
 p - 2 potions of magic {unknown}
 v - a potion of heal wounds {unknown}
 w - 2 potions of curing
 E - 2 potions of invisibility {unknown}
 F - a potion of berserk rage {unknown}
 J - a potion of ambrosia {unknown}
Comestibles
 r - 4 royal jellies
 u - 3 meat rations
 z - 3 fruits


   Skills:
 - Level 8.3 Fighting
 + Level 13.9 Maces & Flails
 - Level 3.6 Armour
 - Level 3.6 Shields


You had 8 spell levels left.
You didn't know any spells.

Dungeon Overview and Level Annotations

Branches:
Dungeon (8/15)             Temple (1/1) D:6
   Lair: D:8-11

Altars:
Cheibriados
Dithmenos
Elyvilon
Fedhas
Gozag
Hepliaklqana
Kikubaaqudgha
Makhleb
Nemelex Xobeh
Qazlal
Ru
Sif Muna
Uskayaw
Vehumet
Xom
Yredelemnul
Zin
The Shining One


Innate Abilities, Weirdness & Mutations

You reflexively headbutt those who attack you in melee.
You have a pair of horns on your head.


Message History

The two-headed ogre is severely wounded.
You block the two-headed ogre's attack. x2
You hit the two-headed ogre.
The two-headed ogre is severely wounded.
You hit the two-headed ogre. You headbutt the two-headed ogre.
The two-headed ogre is almost dead.
The two-headed ogre barely misses you. You furiously retaliate!
You headbutt the two-headed ogre, but do no damage.
The two-headed ogre hits you with a giant club!
* * * LOW HITPOINT WARNING * * *
You thump the two-headed ogre!
You kill the two-headed ogre!
Your Maces & Flails skill increases to level 13!
You sock the white ugly thing!
Your headbutt misses the white ugly thing.
The white ugly thing is lightly wounded.
The white ugly thing pecks you.
* * * LOW HITPOINT WARNING * * *
The white ugly thing freezes you!!
You die...

...##.# .... O...##
..... #..##..u...
#..........
#..######.# ##..##
#....# #..#u##
#....#.@###
.....##.##...####.
..#####.##........
.................
.................
###.........####
#......##.#
#.......>...
##.####.........###


You could see a white ugly thing.

Vanquished Creatures
  A two-headed ogre (D:8)
  The ghost of noisi the Thaumaturge, a novice KoCj of Vehumet (D:7)
  A hungry ghost (D:7)
  A black bear (D:8)
  An orc warrior (D:7)
  3 ice beasts
  A centaur (D:6)
  2 ogres
  A big kobold (D:7)
  2 elf zombies (Ossuary)
  2 bullfrogs
  A scorpion (D:7)
  2 human zombies (Ossuary)
  4 hounds
  A jelly (D:7)
  An orc priest (D:7)
  A bullfrog skeleton (D:3)
  2 iguanas
  Ijyb (D:5)
  7 orc wizards
  3 worker ants
  A hound zombie (Ossuary)
  4 mummies (Ossuary)
  A howler monkey zombie (D:5)
  A howler monkey skeleton (D:7)
  6 adders
  2 shadow imps
  An ooze (D:3)
  2 adder zombies (Ossuary)
  2 worms
  A dart slug (D:6)
  4 leopard geckos
  15 orcs
  3 ball pythons
  6 bats
  3 giant cockroaches
  A gnoll zombie (Ossuary)
  4 goblins
  3 hobgoblins
  9 jackals
  A quokka (D:3)
  8 frilled lizards
  2 goblin zombies (Ossuary)
  10 kobolds
  2 orc zombies (Ossuary)
  12 rats
143 creatures vanquished.

Vanquished Creatures (others)
  A scorpion (D:4)
  A worker ant (D:4)
  A ball python (D:4)
  A giant cockroach (D:4)
  2 quokkas (D:4)
  A rat (D:3)
7 creatures vanquished.

Grand Total: 150 creatures vanquished

Notes
Turn   | Place    | Note
-------+----------+-------------------------------------------
     0 | D:1      | MrModeste the Minotaur Fighter began the quest for the Orb.
     0 | D:1      | Reached XP level 1. HP: 19/19 MP: 0/0
   248 | D:1      | Reached skill level 3 in Maces & Flails
   271 | D:1      | Reached XP level 2. HP: 20/26 MP: 1/1
   657 | D:1      | Reached skill level 4 in Maces & Flails
   924 | D:1      | Reached XP level 3. HP: 28/31 MP: 2/2
  1403 | D:2      | Found a hide-covered altar of Uskayaw.
  1677 | D:2      | Found a stormy altar of Qazlal.
  1693 | D:2      | Found a glowing silver altar of Zin.
  1912 | D:3      | Reached skill level 5 in Maces & Flails
  2144 | D:3      | Reached XP level 4. HP: 38/39 MP: 3/3
  2171 | D:3      | Found an opulent altar of Gozag.
  2220 | D:3      | Found a deep blue altar of Sif Muna.
  2225 | D:3      | Reached skill level 6 in Maces & Flails
  2667 | D:3      | Found a shimmering altar of Xom.
  2771 | D:4      | Reached XP level 5. HP: 31/45 MP: 4/4
  3049 | D:4      | Reached skill level 7 in Maces & Flails
  3436 | D:5      | Entered Level 5 of the Dungeon
  3485 | D:5      | Reached XP level 6. HP: 48/51 MP: 5/5
  3562 | D:5      | Noticed Ijyb
  3576 | D:5      | Killed Ijyb
  3576 | D:5      | Reached skill level 8 in Maces & Flails
  3879 | D:5      | Found a sand-covered staircase.
  3888 | Ossuary  | Entered an ossuary
  3942 | Ossuary  | Reached skill level 9 in Maces & Flails
  3959 | Ossuary  | Reached XP level 7. HP: 32/57 MP: 6/6
  4344 | D:5      | Reached skill level 10 in Maces & Flails
  4781 | D:6      | Found a burning altar of Makhleb.
  5012 | D:6      | Found a snail-covered altar of Cheibriados.
  5144 | D:6      | Found a hazy altar of Hepliaklqana.
  5213 | D:6      | Found a staircase to the Ecumenical Temple.
  5235 | Temple   | Entered the Ecumenical Temple
  5420 | D:6      | Reached skill level 5 in Fighting
  5420 | D:6      | Reached XP level 8. HP: 64/68 MP: 7/7
  5568 | D:6      | Reached skill level 11 in Maces & Flails
  5819 | D:7      | Noticed noisi's ghost (novice KoCj)
  5839 | D:7      | HP: 10/105 [noisi's ghost/spray of energy (13)]
  5844 | D:7      | HP: 9/105 [orc (2)]
  5850 | D:7      | Killed noisi's ghost
  6247 | D:7      | Found a shimmering altar of Xom.
  6276 | D:7      | Reached skill level 12 in Maces & Flails
  6292 | D:7      | Reached XP level 9. HP: 48/81 MP: 8/8
  7043 | D:8      | Noticed a two-headed ogre
  7043 | D:8      | Noticed a white ugly thing
  7059 | D:8      | Killed a two-headed ogre
  7059 | D:8      | Reached skill level 13 in Maces & Flails
  7060 | D:8      | Mangled by a white ugly thing

Skill      XL: |  1  2  3  4  5  6  7  8  9 |
---------------+----------------------------+-----
Maces & Flails | 3 4 5 6 7 9 10 12 13 | 13.9
Fighting       | 5 8 |  8.3
Armour         | |  3.6
Shields        | |  3.6

Action                   |  1- 3 |  4- 6 |  7- 9 || total
-------------------------+-------+-------+-------++-------
Melee: Flail             |   146 |   138 |    37 ||   321
       Headbutt          |    11 |    34 |    39 ||    84
       Unarmed           |       |     8 |       ||     8
       Mace              |       |       |   174 ||   174
  Use: Scroll            |       |       |     5 ||     5
       Potion            |       |       |     3 ||     3
  Eat: Chunk             |     4 |     6 |     3 ||    13
       Bread ration      |       |       |     2 ||     2
Armor: Scale mail        |    67 |    14 |       ||    81
       Chain mail        |       |    35 |    70 ||   105
       Skin              |       |     1 |    17 ||    18
Dodge: Dodged            |    54 |    65 |    55 ||   174
Block: Shield            |    83 |    61 |    92 ||   236
